 Dungeon Crawl Stone Soup version 0.27.1-33-g824d729ab1 (webtiles) character file.

Game seed: 5778611516874236466

95 Grabarz the Grave Robber (level 4, -6/24 HPs)
             Began as a Vampire Necromancer on Dec 4, 2021.
             Mangled by a gnoll (9 damage)
             ... on level 3 of the Dungeon.
             The game lasted 00:26:53 (2561 turns).

Grabarz the Grave Robber (Vampire Necromancer)      Turns: 2561, Time: 00:26:54

Health: -6/24      AC:  3    Str:  7    XL:     4   Next: 39%
Magic:  1/8        EV: 12    Int: 18    God:
Gold:   71         SH:  0    Dex: 14    Spells: 3/8 levels left

rFire    . . .     SeeInvis +   h - staff of cold
rCold    + + +     Faith    .   (no shield)
rNeg     + + +     Spirit   .   a - +0 robe
rPois    ∞         Reflect  .   (no helmet)
rElec    .         Harm     .   c - +0 cloak
rCorr    .         Rampage  .   (no gloves)
Will     .....                  (no boots)
Stlth    ++++......             (no amulet)
HPRegen  0.00/turn              (no ring)
MPRegen  0.11/turn              (no ring)

@: bloodless, inhibited regen
A: bloodless, fangs 3, see invisible, vampiric 2
a: Bat Form, Revivify


You were on level 3 of the Dungeon.
You visited 1 branch of the dungeon, and saw 3 of its levels.

You collected 71 gold pieces.

Inventory:

Armour
 a - a +0 robe (worn)
 c - a +0 cloak (worn)
Magical Staves
 h - a staff of cold (weapon)
Scrolls
 b - a scroll of identify
 i - 3 scrolls of immolation {unknown}
Potions
 d - 2 potions of lignification
 f - a potion of flight {unknown}
 g - 2 potions of degeneration {unknown}


   Skills:
 + Level 2.2 Dodging
 + Level 3.2 Stealth
 + Level 2.9 Spellcasting
 + Level 5.8 Necromancy


You had 3 spell levels left.
You knew the following spells:

 Your Spells              Type           Power      Damage    Failure   Level
a - Pain                  Necr           92%        1d8       1%          1
b - Animate Skeleton      Necr           46%        N/A       1%          1
c - Vampiric Draining     Necr           11%        2d7       4%          3

Your spell library contained the following spells:

 Spells                   Type           Power      Damage    Failure   Level
 Ignite Poison            Fire/Tmut/Pois 2%         N/A       45%         3
 Mephitic Cloud           Conj/Pois/Air  2%         N/A       45%         3
 Tukima's Dance           Hex            2%         N/A       45%         3
 Animate Dead             Necr           11%        N/A       14%         4
 Agony                    Necr           23%        N/A       38%         5
 Passage of Golubria      Tloc           N/A        N/A       86%         4
 Bolt of Magma            Conj/Fire/Erth 1%         4d4       99%         5
 Yara's Violent Unravell  Hex/Tmut       1%         3d3       99%         5


Dungeon Overview and Level Annotations

Branches:
Dungeon (3/15)

Altars:


Innate Abilities, Weirdness & Mutations

You do not regenerate when monsters are visible.
You are frail without blood (-20% HP).
You can heal yourself when you bite living creatures.
You are immune to poison.
You have razor-sharp teeth.
You have supernaturally acute eyesight. (SInv)
You are afflicted with vampirism and can become a bat while bloodless.


Message History

Press: ? - help, Q - select action, (/) - cycle Shift-Dir - straight line, f - gnoll
Aim: a gnoll, wielding a +0 halberd (ally target, chance to affect: 88%)
The gnoll writhes in agony.
The gnoll closely misses you.
A rat comes into view.
Your orc skeleton hits the gnoll from afar with a +0 trident.
Things that are here:
a +0 dagger; a +0 club Your orc skeleton hits the gnoll with a +0 trident.
The gnoll dies!
Your orc skeleton closely misses the gnoll.
A silver boomerang appears from out of your range of vision.
The silver boomerang barely misses your orc skeleton.
Aiming: Pain (safe; 1% risk of failure)
Press: ? - help, Q - select action, (/) - cycle Shift-Dir - straight line, f - gnoll
Aim: a gnoll, wielding a +2 whip of flaming (chance to affect: 88%)
The gnoll writhes in agony.
The gnoll hits you with a +2 whip of flaming.
The gnoll burns you.
An orc wizard comes into view. It is wielding a +0 dagger.
The gnoll hits you with a +2 whip of flaming.
The gnoll burns you.
The orc wizard moves out of view.
The orc wizard shouts!
The gnoll hits you with a +0 whip.
The orc wizard casts a spell.
The orc wizard flickers and vanishes for a moment.
An orc comes into view. It is wielding a +0 hand axe.
An orc comes into view.
It is wielding a +1 dagger of electrocution.
You see here 26 stones.
The rat twitches its whiskers.
You don't have enough magic at the moment.
The gnoll barely misses you. The rat completely misses you.
The rat closely misses you.
The orc wizard points at you and mumbles some strange words.
The magic dart hits you!
* * * LOW HITPOINT WARNING * * *
The orc wizard completely misses you.
This is a scroll of acquirement!
Something appears at your feet! The gnoll hits you with a +0 whip!
You die...

...# #......
..###.....
#########.....r.#
#......##.....#'###
#......##.........#
#........)o.).....#
#.........#.<.....#
###.....oo#.......#
#...).g@#...)...#
#..(..r.#.......#
#.....g.#.......#
#################


You could see an orc wizard (invisible), 2 gnolls, 2 orcs and a rat.

Vanquished Creatures
  An orc wizard (D:2)
  2 adders (D:2)
  A worm (D:2)
  6 orcs
  3 ball pythons (D:1)
  3 bats
  3 endoplasms (D:1)
  2 giant cockroaches (D:2)
  2 goblins (D:1)
  A hobgoblin (D:1)
  2 jackals (D:2)
  2 frilled lizards (D:2)
  6 kobolds
  3 rats
37 creatures vanquished.

Vanquished Creatures (collateral kills)
  A gnoll (D:3)
  A dart slug (D:1)
2 creatures vanquished.

Grand Total: 39 creatures vanquished

Notes
Turn   | Place    | Note
-------+----------+-------------------------------------------
     0 | D:1      | Grabarz the Vampire Necromancer began the quest for the
                  | Orb.
     0 | D:1      | Reached XP level 1. HP: 13/13 MP: 3/3
     2 | D:1      | Learned a level 1 spell: Animate Skeleton
   519 | D:1      | Reached XP level 2. HP: 17/19 MP: 0/5
   921 | D:1      | Reached skill level 5 in Necromancy
  1409 | D:2      | Gained mutation: You are afflicted with vampirism and can
                  | become a bat while bloodless. [Vampire growth]
  1409 | D:2      | Reached XP level 3. HP: 20/24 MP: 1/6
  1634 | D:2      | Learned a level 3 spell: Vampiric Draining
  1986 | D:2      | Reached XP level 4. HP: 24/24 MP: 4/7
  2076 | D:2      | Found a faded altar of an unknown god.
  2561 | D:3      | Identified a scroll of acquirement
  2561 | D:3      | Acquired a staff of death
  2561 | D:3      | Mangled by a gnoll

Illustrated notes

Levels and vault maps discovered:
D:1:      eino_arrival_water_star, layout_loops_corners
D:2:      layout_loops_cross, hellmonk_ecumenical_altar_inner_sanctum
D:3:      layout_basic, uniq_jessica

Skill      XL: |  1  2 |
---------------+-------+-----
Necromancy     | 5 |  5.8
Dodging        | |  2.2
Stealth        | |  3.2
Spellcasting   | |  2.9

Action                   |  1- 3 |  4- 6 || total
-------------------------+-------+-------++-------
 Cast: Pain              |    54 |    19 ||    73
       Animate Skeleton  |     9 |     4 ||    13
 Abil: Exsanguinate      |     1 |       ||     1
  Use: Scroll            |     1 |     2 ||     3
Armor: Robe              |       |     1 ||     1
Dodge: Dodged            |     5 |    10 ||    15
